 Dungeon Crawl Stone Soup version 0.23-a0-106-g63f3d0b (webtiles) character file.

58 galech the Chopper (level 3, -3/29 HPs)
             Began as a Demonspawn Berserker on Aug 20, 2018.
             Was a Believer of Trog.
             Slain by a scorpion (8 damage)
             ... on level 2 of the Dungeon.
             The game lasted 00:02:46 (1430 turns).

galech the Chopper (Demonspawn Berserker)           Turns: 1430, Time: 00:02:47

Health: -3/29      AC:  2    Str: 17    XL:     3   Next: 76%
Magic:  0/3        EV: 12    Int:  8    God:    Trog [**....]
Gold:   72         SH:  0    Dex: 13    Spells: 2/2 levels left

rFire    . . .     SeeInvis .   a - +0 hand axe
rCold    + . .     Gourm    .   (no shield)
rNeg     . . .     Faith    .   b - +0 animal skin
rPois    .         Spirit   +   (no helmet)
rElec    .         Reflect  .   (no cloak)
rCorr    .         Harm     .   (no gloves)
MR       ++...                  (no boots)
Stlth    ++........             (no amulet)
HPRegen  1.09/turn              l - ring of protection from cold
MPRegen  0.08/turn              (no ring)

@: lethally poisoned (-3 -> -3), berserk cooldown, regenerating, slowed, very
slow
A: magic shield, rot immunity
a: Berserk, Trog's Hand, Renounce Religion


You were on level 2 of the Dungeon.
You worshipped Trog.
Trog was pleased with you.
You were near starving.

You visited 1 branch of the dungeon, and saw 2 of its levels.

You collected 72 gold pieces.

Inventory:

Hand Weapons
 a - a +0 hand axe (weapon)
Armour
 b - a +0 animal skin (worn)
Jewellery
 l - a ring of protection from cold (left hand)
Scrolls
 e - 6 scrolls of identify {unknown}
 g - a scroll of enchant weapon {unknown}
 h - a scroll of enchant armour {unknown}
 k - 2 scrolls of teleportation {unknown}
Potions
 f - 2 potions of brilliance {unknown}
 i - a potion of cancellation {unknown}
 j - a potion of mutation {unknown}
Comestibles
 c - 3 rations
 d - a chunk of flesh


   Skills:
 + Level 3.3 Fighting
 + Level 3.5 Axes
 + Level 1.9 Armour
 + Level 2.3 Dodging
 + Level 0.7 Stealth


You had 2 spell levels left.
You didn't know any spells.
Your spell library was empty.

Dungeon Overview and Level Annotations

Branches:
Dungeon (2/15)

Altars:


Innate Abilities, Weirdness & Mutations

When hurt, damage is shared between your health and your magic reserves.
You are immune to rotting.


Message History

The scorpion is severely wounded.
The gnoll hits you from afar with a spear!
The scorpion stings you!
* * * LOW HITPOINT WARNING * * *
You are poisoned.
The scorpion poisons you!
You hit the scorpion.
The scorpion is almost dead.
You feel sick. The gnoll misses you. The scorpion stings you!
* * * LOW HITPOINT WARNING * * *
Unknown command.
You feel a strong urge to attack something.
You are no longer berserk.
You are exhausted.
You feel yourself slow down.
You feel sick.
You feel sick.
You feel the effects of Trog's Hand fading.
You feel sick.
You feel sick. The scorpion stings you!
You die...

#..........#
#..........#
#..........#
#..........#
#..........#
#.######..........# #
#.................###
#.#####...........##.
#)@.'.....#####.#..
#s###...####>##.#.#
#.# #...# #...#.#..
#g# #...# #(8.#.#..
#g# #...# #...#.#.#
#.# ...## ##..#.#.#
#g# ...#######..#<#
#.# ..##...##...##
#.# #>.8....8.#


You could see a scorpion, 2 gnolls and a hobgoblin.

Vanquished Creatures
  An adder (D:2)
  An ooze (D:2)
  A dart slug (D:2)
  3 leopard geckos
  5 bats
  A giant cockroach (D:2)
  3 goblins (D:1)
  4 hobgoblins
  7 jackals
  3 kobolds
  2 ball pythons
  2 frilled lizards
  4 rats (D:1)
37 creatures vanquished.

Notes
Turn   | Place    | Note
-------+----------+-------------------------------------------
     0 | D:1      | galech the Demonspawn Berserker began the quest for the Orb.
     0 | D:1      | Reached XP level 1. HP: 18/18 MP: 1/1
   116 | D:1      | Gained mutation: When hurt, damage is shared between your health and your magic reserves. [demonic ancestry]
   116 | D:1      | Reached XP level 2. HP: 6/24 MP: 2/2
   630 | D:1      | Reached ** piety under Trog
   757 | D:2      | Gained mutation: You are immune to rotting. [demonic ancestry]
   757 | D:2      | Reached XP level 3. HP: 28/29 MP: 3/3
  1414 | D:2      | Noticed a scorpion
  1424 | D:2      | HP: 2/43 [scorpion (6)]
  1430 | D:2      | Slain by a scorpion

Vault maps used:
D:1:      tarquinn_simple_flora_water_b, minmay_tromino_mix6
D:2:      serial_park_tiny_1, kennysheep_donut, grunt_ministairs_4,
          columned_hall_lemuel, uniq_jessica

Skill      XL: |  1  2 |
---------------+-------+-----
Dodging        | 2 |  2.3
Axes           | 3 |  3.5
Fighting       | |  3.3
Armour         | |  1.9
Stealth        | |  0.7

Action                   || total
-------------------------++-------
Melee: Hand axe          ||    96
Invok: Berserk           ||     3
       Trog's Hand       ||     1
 Stab: Sleeping          ||     2
  Eat: Chunk             ||     3
Armor: Animal skin       ||    28
Dodge: Dodged            ||    88

Table legend:
 A = Non-vault XP
 B = Vault XP
 C = Vault XP percentage of total XP
 D = Non-vault monster count
 E = Vault monster count
 F = Vault count percentage of total count
                 A         B        C        D         E       F
            +---------+---------+-------+---------+---------+-------
      Total |      76 |       8 |   9.5 |      34 |       3 |   8.1
            +---------+---------+-------+---------+---------+-------
        D:1 |      32 |       2 |   5.9 |      19 |       1 |   5.0
        D:2 |      44 |       6 |  12.0 |      15 |       2 |  11.8
            +---------+---------+-------+---------+---------+-------
